 Seeded DCSS version 0.29.1-13-g9f3cf754e1 (webtiles) character file.

Game seed: 1 (custom seed)

69 Kazon the Covered (level 4, -3/37 HPs)
             Began as a Barachi Fighter on Jan 24, 2023.
             Slain by a gnoll
             ... wielding a +0 halberd
              (5 damage)
             ... on level 2 of the Dungeon.
             The game lasted 00:05:47 (1142 turns).

Kazon the Covered (Barachi Fighter)                 Turns: 1142, Time: 00:05:48

Health: -3/37      AC: 11    Str: 17    XL:     4   Next: 20%
Magic:  4/4        EV:  9    Int: 10    God:
Gold:   167        SH:  4    Dex: 12    Spells: 3/3 levels left

rFire   . . .      SeeInvis .   e - +2 dagger (venom)
rCold   . . .      Faith    .   c - +0 buckler
rNeg    . . .      Spirit   .   l - +0 scale mail
rPois   .          Reflect  .   k - +0 helmet
rElec   .          Harm     .   (no cloak)
rCorr   .          Rampage  .   (no gloves)
Will    .....                   m - +2 pair of boots
Stlth   ..........              f - amulet of the acrobat
HPRegen 0.12/turn               (no ring)
MPRegen 0.09/turn               (no ring)

@: slow
A: amphibious, slowness 1, strong legs 1, +LOS
a: Hop


You were on level 2 of the Dungeon.
You visited 1 branch of the dungeon, and saw 2 of its levels.

You collected 167 gold pieces.

Inventory:

Hand Weapons
 a - a +0 long sword
 e - a +2 dagger of venom (weapon)
 o - a +3 double sword of holy wrath
Missiles
 j - 5 stones (quivered)
 p - 3 boomerangs
Armour
 c - a +0 buckler (worn)
 k - a +0 helmet (worn)
 l - a +0 scale mail (worn)
 m - a +2 pair of boots (worn)
Jewellery
 f - an amulet of the acrobat (around neck)
Scrolls
 n - a scroll of immolation {unknown}
Potions
 b - a potion of berserk rage {unknown}
 d - a potion of might
 g - a potion of haste {unknown}
 h - a potion of flight {unknown}
 i - a potion of attraction {unknown}


   Skills:
 + Level 4.1 Fighting
 + Level 0.1(2.0) Short Blades
 + Level 3.7 Long Blades
 + Level 4.4 Armour
 + Level 0.1 Dodging
 + Level 0.2 Stealth
 + Level 3.6 Shields


You had 3 spell levels left.
You didn't know any spells.
Your spell library contained the following spells:

 Spells                   Type           Power      Damage    Failure   Level
 Apportation              Tloc           0%         N/A       85%         1
 Necrotise                Necr           0%         1d4       85%         1
 Sting                    Tmut/Pois      0%         1d3       85%         1
 Summon Small Mammal      Summ           0%         N/A       85%         1
 Poisonous Vapours        Pois/Air       0%         N/A       94%         2
 Olgreb's Toxic Radiance  Pois           0%         N/A       100%        4


Dungeon Overview and Level Annotations

Branches:
Dungeon (2/15)

Altars:


Innate Abilities, Weirdness & Mutations

You are amphibious.
You cover ground slowly.
You can hop short distances.
You have an extended range of vision and can be seen from far away.


Message History

The gnoll misses you. The gnoll completely misses you.
Things that are here:
a +0 whip; a gnoll corpse You hit the gnoll.
The gnoll is heavily wounded.
The gnoll hits you but does no damage.
The gnoll hits you from afar with a +0 halberd.
* * * LOW HITPOINT WARNING * * *
You hit the gnoll.
The gnoll is poisoned.
The gnoll is severely wounded.
You block the gnoll's attack. The gnoll barely misses you.
You hit the gnoll but do no damage.
The gnoll looks as sick as possible!
The gnoll is almost dead.
You kill the gnoll!
The gnoll hits you but does no damage. The gnoll barely misses you.
Things that are here:
a +0 spear; a gnoll corpse You closely miss the gnoll.
The gnoll barely misses you.
You hit the gnoll.
The gnoll is lightly wounded.
You block the gnoll's attack.
You barely miss the gnoll.
The gnoll is lightly wounded.
The gnoll hits you with a +0 halberd.
* * * LOW HITPOINT WARNING * * *
You barely miss the gnoll.
The gnoll is lightly wounded.
The gnoll barely misses you.
You barely miss the gnoll.
The gnoll is lightly wounded.
The gnoll hits you with a +0 halberd.
* * * LOW HITPOINT WARNING * * *
You hit the gnoll.
The gnoll is poisoned.
The gnoll is moderately wounded.
The gnoll barely misses you.
You hit the gnoll.
The gnoll looks as sick as possible!
The gnoll is severely wounded.
The gnoll hits you with a +0 halberd.
You die...

..# #...########
################.#
.............# #.#
......######.# #.#
#####.######.###.#
.......#...†...#>#
#####..#.###)#.#.#
#..# #.#.#)# #..#
#...#@# #...
##..#g# #....
#..#.## .....
#.....# #.....
#.....# .......
#.....# #.....#
.......# #.#.#.###


You could see a gnoll (extremely poisoned).

Vanquished Creatures
  2 gnolls (D:2)
  An adder (D:2)
  A worm (D:2)
  7 endoplasms
  A giant cockroach (D:1)
  7 goblins
  4 hobgoblins
  2 kobolds
  A quokka (D:1)
  2 ball pythons (D:2)
  2 bats
  2 frilled lizards (D:2)
  3 rats (D:1)
35 creatures vanquished.

Notes
Turn   | Place    | Note
-------+----------+-------------------------------------------
     0 | D:1      | Kazon the Barachi Fighter began the quest for the Orb.
     0 | D:1      | Reached XP level 1. HP: 18/18 MP: 1/1
    38 | D:1      | Identified a scroll of acquirement
    38 | D:1      | Acquired a +3 double sword of holy wrath
   123 | D:1      | Reached XP level 2. HP: 7/25 MP: 2/2
   664 | D:2      | Reached XP level 3. HP: 25/30 MP: 3/3
  1131 | D:2      | Reached XP level 4. HP: 10/37 MP: 4/4
  1142 | D:2      | Slain by a gnoll

Illustrated notes

Levels and vault maps discovered:
D:1:      dpeg_arrival_three_smaller_balls, layout_basic
D:2:      layout_loops_ring

Skill      XL: |  1  2 |
---------------+-------+-----
Armour         | 4 |  4.4
Fighting       | 4 |  4.1
Long Blades    | 3 |  3.7
Short Blades   | |  0.1
Dodging        | |  0.1
Stealth        | |  0.2
Shields        | |  3.6

Action                   |  1- 3 |  4- 6 || total
-------------------------+-------+-------++-------
Melee: Double sword      |    66 |       ||    66
       Long sword        |     2 |       ||     2
       Dagger            |    14 |    10 ||    24
Throw: Stone             |     7 |       ||     7
  Use: Scroll            |     1 |       ||     1
Armor: Scale mail        |    32 |     2 ||    34
Dodge: Dodged            |    52 |     7 ||    59
Block: Buckler           |    19 |     2 ||    21
